 Dungeon Crawl Stone Soup version 0.26-a0-651-gb41185065b (webtiles) character file.

Game seed: 3240356497018536849

1355 Lanoc the Arsonist (level 8, -2/57 HPs)
             Began as a Hill Orc Fire Elementalist on Sept 30, 2020.
             Was an Initiate of Vehumet.
             Slain by an iguana (13 damage)
             ... on level 7 of the Dungeon.
             The game lasted 00:06:27 (5365 turns).

Lanoc the Arsonist (Hill Orc Fire Elementalist)     Turns: 5365, Time: 00:06:27

Health: -2/57      AC:  2    Str: 11    XL:     8   Next: 63%
Magic:  5/10       EV: 15    Int: 17    God:    Vehumet [......]
Gold:   240        SH:  0    Dex: 17    Spells: 5/10 levels left

rFire    . . .     SeeInvis .   a - +1 hand axe (elec)
rCold    . . .     Faith    .   (no shield)
rNeg     . . .     Spirit   .   o - +0 robe
rPois    +         Reflect  .   (no helmet)
rElec    .         Harm     .   (no cloak)
rCorr    .         Rampage  .   (no gloves)
MR       .....                  (no boots)
Stlth    ++........             (no amulet)
HPRegen  0.19/turn              d - +6 ring of dexterity
MPRegen  0.12/turn              j - ring of poison resistance

@: berserk cooldown, flying, slowed, lightly drained, very slow
A: no striking features
a: Renounce Religion


You were on level 7 of the Dungeon.
You worshipped Vehumet.
Vehumet was noncommittal.
You visited 2 branches of the dungeon, and saw 8 of its levels.

You collected 240 gold pieces.

Inventory:

Hand Weapons
 a - a +1 hand axe of electrocution (weapon)
Armour
 o - a +0 robe (worn)
Jewellery
 d - a +6 ring of dexterity (left hand)
 j - a ring of poison resistance (right hand)
Wands
 q - a wand of flame (17)
Scrolls
 b - 4 scrolls of amnesia {unknown}
 c - 3 scrolls of remove curse {unknown}
 g - a scroll of fear {unknown}
 h - 2 scrolls of blinking {unknown}
 k - 4 scrolls of teleportation {unknown}
 l - 2 scrolls of identify {unknown}
 m - 3 scrolls of enchant weapon {unknown}
 n - 2 scrolls of enchant armour {unknown}
Potions
 e - 3 potions of curing {unknown}
 f - 2 potions of heal wounds {unknown}
 i - 2 potions of brilliance {unknown}
 p - a potion of mutation {unknown}
 r - a potion of resistance {unknown}


   Skills:
 + Level 5.1(4.7) Dodging
 - Level 1.5(1.2) Stealth
 - Level 1.5(1.2) Spellcasting
 - Level 1.0(0.6) Conjurations
 * Level 9.7(9.3) Fire Magic


You had 5 spell levels left.
You knew the following spells:

 Your Spells              Type           Power        Failure   Level
a - Foxfire               Conj/Fire      ###.         2%          1
b - Sticky Flame          Conj/Fire      ###.....     26%         4

Your spell library contained the following spells:

 Spells                   Type           Power        Failure   Level
 Conjure Flame            Conj/Fire      ###.....     9%          3
 Inner Flame              Hex/Fire       ###.....     10%         3
 Corona                   Hex            #......      22%         1
 Ensorcelled Hibernation  Hex/Ice        #.....       32%         2
 Dazzling Flash           Conj/Hex       #.....       50%         3
 Confusing Touch          Hex            #.......     54%         3
 Tukima's Dance           Hex            #.......     54%         3
 Fireball                 Conj/Fire      ###.......   58%         5


Dungeon Overview and Level Annotations

Branches:
Dungeon (7/15)             Temple (1/1) D:5

Altars:
Ashenzari
Dithmenos
Fedhas
Gozag
Hepliaklqana
Kikubaaqudgha
Makhleb
Nemelex Xobeh
Okawaru
Qazlal
Ru
Sif Muna
Trog
Uskayaw
Vehumet
Wu Jian
Xom
Yredelemnul
Zin
The Shining One


Message History

The white imp disappears for a moment.
You feel a strong urge to attack something.
The white imp grins evilly.
The white imp misses you.
There is a stone staircase leading up here.
You hit the white imp.
The white imp is moderately wounded.
The white imp barely misses you.
You hit the white imp.
Lightning courses through the white imp!
You kill the white imp!
Vehumet accepts your kill.
You closely miss the iguana.
You are no longer berserk.
You are exhausted.
You feel yourself slow down. The iguana closely misses you.
You hit the iguana.
The iguana is moderately wounded.
The iguana misses you. The iguana bites you!
You die...

..###..#
#......####
##.........#
##..........#
...........#
#.........#
#...l.....#
#...@.....#
#.........#
#......)..#
#.........#
#######.###
#.# #.# ###


You could see an iguana.

Vanquished Creatures
  Menkaure (D:6)
  A necrophage (D:5)
  An ice beast (D:5)
  3 phantoms
  A centaur (D:6)
  An ogre (D:4)
  3 scorpions
  2 wights
  A jelly (D:5)
  A gnoll shaman (D:5)
  4 hounds
  3 worker ants
  A hound zombie (D:5)
  A worker ant zombie (D:5)
  3 gnolls (D:5)
  2 adders
  A shadow imp (D:5)
  A white imp (D:7)
  An ooze (D:4)
  4 worms
  4 leopard geckos
  9 orcs (D:4)
  2 giant cockroaches
  5 goblins
  3 hobgoblins
  4 jackals (D:5)
  2 quokkas
  3 bats (D:3)
  A frilled lizard (D:3)
  A leopard gecko skeleton (D:5)
  A quokka skeleton (D:4)
  4 rats
75 creatures vanquished.

Vanquished Creatures (collateral kills)
  A foxfire (D:6)
1 creature vanquished.

Vanquished Creatures (others)
  282 foxfires
282 creatures vanquished.

Grand Total: 358 creatures vanquished

Notes
Turn   | Place    | Note
-------+----------+-------------------------------------------
     0 | D:1      | Lanoc the Hill Orc Fire Elementalist began the quest for
                  | the Orb.
     0 | D:1      | Reached XP level 1. HP: 14/14 MP: 3/3
   346 | D:3      | Reached XP level 2. HP: 19/20 MP: 2/4
   430 | D:3      | Reached skill level 4 in Fire Magic
   697 | D:3      | Reached XP level 3. HP: 26/26 MP: 0/5
   844 | D:3      | Found a broken altar of Ashenzari.
  1163 | D:3      | Reached XP level 4. HP: 32/33 MP: 0/6
  1169 | D:3      | Learned a level 4 spell: Sticky Flame
  1550 | D:4      | Found a hide-covered altar of Uskayaw.
  1553 | D:4      | Noticed an ogre
  1567 | D:4      | Killed an ogre
  1567 | D:4      | Reached skill level 5 in Fire Magic
  1567 | D:4      | Reached XP level 5. HP: 3/38 MP: 0/7
  1610 | D:4      | Noticed a phantom
  1887 | D:4      | Noticed a phantom
  1926 | D:4      | Killed a phantom
  1926 | D:4      | Reached skill level 6 in Fire Magic
  1926 | D:4      | Reached XP level 6. HP: 18/45 MP: 1/8
  2604 | D:4      | Killed a phantom
  2916 | D:4      | Found a basalt altar of Yredelemnul.
  2968 | D:4      | Reached skill level 7 in Fire Magic
  3018 | D:4      | Reached XP level 7. HP: 18/50 MP: 4/9
  3326 | D:4      | Found a glowing silver altar of Zin.
  3375 | D:5      | Entered Level 5 of the Dungeon
  3412 | D:5      | Found a staircase to the Ecumenical Temple.
  3442 | Temple   | Entered the Ecumenical Temple
  3497 | Temple   | Became a worshipper of Vehumet
  3751 | D:5      | Reached skill level 8 in Fire Magic
  4286 | D:5      | Found a shadowy altar of Dithmenos.
  4289 | D:5      | Found a stormy altar of Qazlal.
  4292 | D:5      | Found a sacrificial altar of Ru.
  4401 | D:5      | Reached XP level 8. HP: 43/57 MP: 8/10
  4843 | D:5      | Reached skill level 9 in Fire Magic
  5104 | D:6      | Noticed Menkaure
  5112 | D:6      | Killed Menkaure
  5112 | D:6      | Reached skill level 5 in Dodging
  5365 | D:7      | Slain by an iguana

Illustrated notes

Levels and vault maps discovered:
D:1:      heliophobic_arrival_battle_scene, layout_loops_ring,
          hangedman_decor_growths, minmay_close_crescents
D:2:      layout_loops_ring, elyvilon_altar_5, grunt_ministairs_1,
          minmay_tetromino_l4
D:3:      layout_rooms, nicolae_ashenzari_panopticon, minmay_misc_feat_tower
D:4:      layout_basic, yredelemnul_altar_generic, zin_scriptorium,
          eat_drink_and_be_merry_uskayaw
D:5:      layout_loops_ring, grunt_temple_overflow_diamond, temple_statues,
          dk_noncrumbling_4
D:6:      layout_gridville, serial_shops, kennysheep_little_box,
          nicolae_ru_awakened_eye, uniq_menkaure
D:7:      layout_rooms, minmay_guarded_unrand_staff_of_olgreb, uniq_maggie,
          uniq_joseph, uniq_prince_ribbit1
Temple:   nicolae_temple_god_jail

Skill      XL: |  1  2  3  4  5  6  7  8 |
---------------+-------------------------+-----
Dodging        | 2 3 4 5 |  5.1
Fire Magic     | 4 5 6 7 8 9 |  9.7
Stealth        | |  1.5
Spellcasting   | |  1.5
Conjurations   | |  1.0

Action                   |  1- 3 |  4- 6 |  7- 9 || total
-------------------------+-------+-------+-------++-------
Melee: Unarmed           |    18 |       |       ||    18
       Mace              |    10 |    32 |       ||    42
       Hand axe          |       |    10 |    69 ||    79
 Cast: Foxfire           |    41 |    61 |    66 ||   168
  Use: Potion            |       |     1 |     2 ||     3
 Stab: Sleeping          |     1 |     1 |       ||     2
       Distracted        |       |       |     1 ||     1
Armor: Robe              |     7 |     6 |     9 ||    22
Dodge: Dodged            |    31 |    56 |    78 ||   165

Table legend: (Time is in decaauts)
 A = Elapsed time spent in this place.
 B = Non-inter-level travel time spent in this place.
 C = Inter-level travel time spent in this place.
 D = Time resting spent in this place.
 E = Time spent auto-exploring this place.
 F = Levels seen in this place.
 G = Mean time per level.
                   A        B        C        D        E       F      G
               +--------+--------+--------+--------+--------+-----+--------+
         Total |   5408 |   5271 |    137 |    191 |   4368 |   8 |  676.0 |
       Dungeon |   5343 |   5215 |    128 |    191 |   4334 |   7 |  763.3 |
        Temple |     65 |     56 |      9 |      0 |     34 |   1 |   65.0 |
               +--------+--------+--------+--------+--------+-----+--------+

Top non-repeatable levels by time:
     D:4: 1620 daAuts
     D:5: 1576 daAuts
     D:3: 1438 daAuts
     D:6: 353 daAuts
     D:2: 241 daAuts
     D:1: 101 daAuts
  Temple: 65 daAuts
     D:7: 11 daAuts
